AoeStats
← eyupfc

Arena

506717220Analyzed
2v2 RM · 18d ago on Sep 14, 2026· 55m 18s· 4 players
Game mode
Random Map
Map size
Medium (4 player)
Population
200
Speed
Normal
Resources
Standard
Victory
Conquest
Starting age
Dark Age
Ending age
Imperial Age
RankedLock teamsTeams togetherTeam positionsShared explorationLock speedFull tech treeHidden civsTurbo modeCheats
Victory
Defeat
🇹🇷 Spanish · Türkiye
1208
+14
🇹🇷 Persians · Türkiye
1168
+15
🇫🇷 Franks · France
1171
-15
🇫🇷 Bulgarians · France
1153
-14
Tazys
10:52 Feudal Age
9:10 Loom
14:32 Castle Age
13:16 Loom
14:04 Double-Bit Axe
20:32 Fletching
27:23 Imperial Age
27:40 Wheelbarrow
28:27 Wheelbarrow
30:55 Conscription
32:16 Hand Cart
31:48 Town Watch
32:09 Elite Skirmisher
33:30 Husbandry
34:47 Scale Barding Armor
35:11 Pikeman
39:08 Bow Saw
39:02 Scale Mail Armor
40:09 Forging
41:00 Chain Mail Armor
41:20 Iron Casting
40:45 Halberdier
41:58 Plate Mail Armor
43:23 Blast Furnace
42:24 Padded Archer Armor
42:19 Bodkin Arrow
44:12 Chemistry
43:40 Ballistics
46:21 Chain Barding Armor
46:17 Leather Archer Armor
48:33 Cavalier
55:01 Arson
54:41 Light Cavalry
HBDLM
12:36 Feudal Age
10:53 Loom
16:49 Castle Age
16:39 Fletching
16:38 Double-Bit Axe
22:14 Bodkin Arrow
43:30 Forging
43:20 Scale Mail Armor
43:53 Pikeman
45:53 Chain Mail Armor
46:14 Iron Casting
48:58 Horse Collar
53:58 Ballistics
eyupfc
10:12 Feudal Age
14:24 Castle Age
12:37 Horse Collar
12:49 Double-Bit Axe
15:25 Bow Saw
16:26 Wheelbarrow
27:44 Fletching
28:00 Scale Barding Armor
29:39 Bodkin Arrow
31:56 Husbandry
32:07 Bloodlines
33:14 Hand Cart
33:35 Forging
37:07 Imperial Age
36:00 Chain Barding Armor
36:15 Iron Casting
35:57 Gold Mining
37:23 Town Watch
37:23 Loom
37:10 Heavy Camel Rider
38:28 Plate Barding Armor
39:46 Heavy Plow
40:47 Two-Man Saw
40:50 Blast Furnace
42:35 Kamandaran
44:27 Chemistry
43:23 Murder Holes
44:57 Thumb Ring
45:18 Parthian Tactics
44:13 Crossbowman
44:55 Padded Archer Armor
48:43 Ballistics
48:39 Leather Archer Armor
50:37 Ring Archer Armor
53:04 Town Patrol
53:36 Crop Rotation
53:43 Gold Shaft Mining
KingMoonborn
11:33 Feudal Age
15:19 Castle Age
13:44 Double-Bit Axe
15:50 Loom
16:50 Bow Saw
20:05 Fletching
23:55 Forging
34:42 Imperial Age
35:00 Scale Mail Armor
35:11 Forging
36:41 Fortified Wall
37:33 Chemistry
37:41 Conscription
36:43 Pikeman
37:19 Halberdier
38:04 Squires
38:20 Chain Mail Armor
41:39 Iron Casting
42:45 Plate Mail Armor
43:48 Blast Furnace
43:43 Wheelbarrow
43:22 Arson
44:49 Bodkin Arrow
45:49 Man-at-Arms
46:15 Gambesons
48:08 Bombard Tower
48:29 Ballistics
48:34 Elite Skirmisher
49:41 Padded Archer Armor
49:41 Bracer
50:25 Hand Cart
49:55 Town Watch
51:26 Masonry
54:51 Supremacy
55:31 Leather Archer Armor
Connection lost

Rejoining the realm…

Still unreachable

The connection could not be restored.

Session expired

The server has moved on; the page needs a fresh start.